 Dungeon Crawl Stone Soup version 0.21.1-1-g345015f (webtiles) character file.

7 shakethe the Grave Robber (level 1, -4/13 HPs)
             Began as a Demonspawn Necromancer on Feb 19, 2018.
             Killed from afar by a dart slug (5 damage)
             ... with a slug dart
             ... on level 1 of the Dungeon.
             The game lasted 00:01:32 (213 turns).

shakethe the Grave Robber (Demonspawn Necromancer)   Turns: 213, Time: 00:01:32

Health: -4/13      AC:  2    Str:  8    XL:     1   Next: 83%
Magic:  0/3        EV: 12    Int: 16    God:
Gold:   20         SH:  0    Dex: 13    Spells: 3/4 levels left

rFire    . . .     SeeInvis .   d - +0 mace
rCold    . . .     Gourm    .   (no shield)
rNeg     . . .     Faith    .   a - +0 robe
rPois    .         Spirit   .   (no helmet)
rElec    .         Reflect  .   (no cloak)
rCorr    .         Harm     .   (no gloves)
MR       .....                  (no boots)
Stlth    ++........             (no amulet)
HPRegen  0.04/turn              (no ring)
MPRegen  0.08/turn              (no ring)

@: no status effects
A: no striking features
a: no special abilities


You were on level 1 of the Dungeon.
You were not hungry.

You visited 1 branch of the dungeon, and saw 1 of its levels.

You collected 20 gold pieces.

Inventory:

Hand Weapons
 d - a +0 mace (weapon)
   (You found it on level 1 of the Dungeon)
Armour
 a - a +0 robe (worn)
Scrolls
 g - a scroll of enchant armour {unknown}
Potions
 e - a potion of might {unknown}
 h - a potion of degeneration {unknown}
Books
 b - a book of Necromancy
Comestibles
 c - a ration
 f - a chunk of flesh {@w0@w0}


   Skills:
 + Level 1.9 Dodging
 + Level 2.0 Stealth
 + Level 2.1 Spellcasting
 + Level 4.5 Necromancy


You had 3 spell levels left.
You knew the following spells:

 Your Spells              Type           Power        Failure   Level  Hunger
a - Pain                  Necr           ###.         3%          1    #......


Dungeon Overview and Level Annotations

Branches:
Dungeon (1/15)

Altars:


Message History

e - a bubbling pink potion
There are no items here.
There are no items here.
A rat comes into view.
Aim: a rat (chance to defeat MR: 85%)
The rat writhes in agony!
You kill the rat!
You take 1 damage, and have 11/13 hp.
You now have 1/3 mp.
You start resting.
Health restored: 13; MP restored: 3 You now have 8 gold pieces.
You butcher the rat corpse.
f - a chunk of flesh {@w0@w0}
g - a scroll labeled QENLUO LEALUSOIS You now have 20 gold pieces (gained 12).
h - a metallic blue potion A rat comes into view.
A rat is nearby!
Aim: a rat (chance to defeat MR: 85%)
The rat writhes in agony!
You kill the rat!
You take 1 damage, and have 12/13 hp.
You now have 2/3 mp.
A bat and a hobgoblin come into view.
You see here 8 gold pieces.
The hobgoblin shouts!
You hear a shout! x2
A dart slug comes into view.
The bat hits you.
You take 1 damage, and have 11/13 hp.
The bat closely misses you. The bat barely misses you.
The bat barely misses you. The bat hits you but does no damage.
The bat barely misses you. The bat barely misses you.
The bat hits you but does no damage.
MP restored: 3
Aim: a bat (chance to defeat MR: 85%)
The bat writhes in agony!
You kill the bat!
You take 1 damage, and have 11/13 hp.
You now have 2/3 mp.
Aim: a hobgoblin (chance to defeat MR: 85%)
The hobgoblin barely resists.
You take 1 damage, and have 10/13 hp.
You now have 1/3 mp.
Aim: a hobgoblin (chance to defeat MR: 85%)
The hobgoblin writhes in agony!
You take 1 damage, and have 9/13 hp.
You now have 0/3 mp.
You don't know that spell.
The hobgoblin hits you.
You take 4 damage, and have 5/13 hp.
MASSIVE DAMAGE!!
The hobgoblin closely misses you.
A hobgoblin comes into view. It is wielding a club.
The hobgoblin shouts!
Aim: a hobgoblin (moderately wounded, chance to defeat MR: 85%)
The hobgoblin barely resists.
The hobgoblin hits you.
* * * LOW HITPOINT WARNING * * *
A rat comes into view.
You take 3 damage, and have 3/13 hp.
MASSIVE DAMAGE!!
You now have 1/3 mp.
Aim: a hobgoblin (moderately wounded, chance to defeat MR: 85%)
The hobgoblin writhes in agony!
You kill the hobgoblin!
The rat moves out of view.
The hobgoblin barely misses you.
You don't have enough magic to cast that spell.
You take 1 damage, and have 2/13 hp.
You now have 0/3 mp.
You don't have enough magic to cast that spell.
A frilled lizard and a goblin come into view.
The frilled lizard moves out of view.
The goblin moves out of view.
The rat twitches its whiskers.
A hobgoblin comes into view. It is wielding a club.
The hobgoblin barely misses you.
Aim: a hobgoblin, wielding a club (chance to defeat MR: 87%)
The hobgoblin writhes in agony!
You kill the hobgoblin!
The hobgoblin shouts!
You take 1 damage, and have 2/13 hp.
You now have 1/3 mp.
Aim: a rat (chance to defeat MR: 87%)
The rat writhes in agony!
You kill the rat!
Your Stealth skill increases to level 2!
You take 1 damage, and have 1/13 hp.
You now have 0/3 mp.
Things that are here:
a club; a hobgoblin corpse You see here a rat corpse.
A rat comes into view.
The rat moves out of view.
A dart slug comes into view.
Aim: a dart slug (chance to defeat MR: 87%)
The dart slug barely resists.
You take 1 damage, and have 1/13 hp.
You now have 1/3 mp.
Aim: a dart slug (clinging, chance to defeat MR: 87%)
The dart slug writhes in agony!
You now have 0/3 mp.
The dart slug bites you but does no damage.
The dart slug barely misses you. Why would you want to do that?
Why would you want to do that? The dart slug launches a dart at you.
The slug dart hits you!
You die...

.........≈≈..8..♣.≈≈...#
######..≈≈.........≈≈..#
.##.....≈.....♣.....≈..#
....###†≈..♣.....8..≈..######
.......)≈≈..8.<....≈≈.......#
...####..≈≈.......≈≈w.......#
. ##..≈≈.....≈≈.$.......#
##..≈≈≈≈≈≈≈..........#
#.......@.g...........
#.###########........# ...
#........# #.## #.#...[..# #.
..#.##.#. # .##.. ... . ##.
#.


You could see a dart slug and a hobgoblin.

Vanquished Creatures
  2 hobgoblins (D:1)
  2 bats (D:1)
  3 rats (D:1)
7 creatures vanquished.

Notes
Turn   | Place    | Note
-------+----------+-------------------------------------------
     0 | D:1      | shakethe the Demonspawn Necromancer began the quest for the Orb.
     0 | D:1      | Reached XP level 1. HP: 13/13 MP: 3/3
   159 | D:1      | HP: 3/13 [hobgoblin (2)]
   181 | D:1      | Reached skill level 2 in Stealth
   213 | D:1      | Killed from afar by a dart slug

Skill      XL: |  1 |
---------------+----+-----
Stealth        | 2 |  2.0
Dodging        | |  1.9
Spellcasting   | |  2.1
Necromancy     | |  4.5

Action                   || total
-------------------------++-------
 Cast: Pain              ||    13
Armor: Robe              ||     3
Dodge: Dodged            ||     9

Vault maps used:
D:1:      moated_graveyard_arrival

Table legend:
 A = Turns spent in this place as a percentage of turns spent in the entire game.
 B = Non-inter-level travel turns spent in this place as a percentage of non-inter-level travel turns spent in the entire game.
 C = Inter-level travel turns spent in this place as a percentage of turns spent in this place.
 D = Turns resting spent in this place as a percentage of non-inter-level travel turns spent in this place.
 E = Turns spent auto-exploring this place as a percentage of non-inter-level travel turns spent in this place.
 F = Non-inter-level travel turns spent in this place divided by the number of levels of this place that you've seen.
                   A       B       C       D       E      F
               +-------+-------+-------+-------+-------+----------------------
         Total | 100.0 | 100.0 |   0.0 |  21.1 |  18.3 | 213.0
       Dungeon | 100.0 | 100.0 |   0.0 |  21.1 |  18.3 | 213.0
               +-------+-------+-------+-------+-------+----------------------

Table legend:
 A = Kills in this place as a percentage of kills in entire the game.
 B = Kills by you in this place as a percentage of kills by you in the entire game.
 C = Kills by friends in this place as a percentage of kills by friends in the entire game.
 D = Other kills in this place as a percentage of other kills in the entire game.
 E = Experience gained in this place as a percentage of experience gained in the entire game.
 F = Experience gained in this place divided by the number of levels of this place that you have seen.
                   A       B       C       D       E      F
               +-------+-------+-------+-------+-------+----------------------
         Total | 100.0 | 100.0 |   N/A |   N/A | 100.0 |  10.0
       Dungeon | 100.0 | 100.0 |   N/A |   N/A | 100.0 |  10.0
               +-------+-------+-------+-------+-------+----------------------
